[Event "Late-Titled-Tuesday-Blitz-January-23-2024"]
[Site "Chess.com"]
[Date "2024.01.23"]
[Round "4"]
[White "Goryachkina"]
[Black "Inepton_Fermion"]
[Result "1-0"]
[WhiteElo "2701"]
[BlackElo "2455"]
[TimeControl "180+1"]
[EndTime "14:36:48 PST"]
[Termination "Goryachkina won on time"]

1. e4 e5 2. Nf3 Nc6 3. Nc3 Nf6 4. h3 Bb4 5. a3 Bxc3 6. dxc3 d5 7. Bb5 dxe4 8. Bxc6+ bxc6 9. Qxd8+ Kxd8 10. Nxe5 Be6 11. Nxc6+ Kd7 12. Nd4 c5 13. Nxe6 Kxe6 14. Bd2 Rhd8 15.
O-O-O c4 16. Rhe1 Rd5 17. f3 Rad8 18. fxe4 Re5 19. Be3 Rxd1+ 20. Kxd1 a6 21. Bd4 Rxe4 22. Rxe4+ Nxe4 23. Bxg7 Nc5 24. Bd4 Ne4 25. Ke2 Kf5 26. b3 Nd6 27. Ke3 h5 28. a4 Ke6 29. Kf4 cxb3 30.
cxb3 Nf5 31. g4 hxg4 32. Kxg4 Nd6 33. h4 f5+ 34. Kf4 1-0

[Event "Late-Titled-Tuesday-Blitz-January-23-2024"]
[Site "Chess.com"]
[Date "2024.01.23"]
[Round "4"]
[White "krzyzan94"]
[Black "CarrotsandPizza"]
[Result "1-0"]
[WhiteElo "2784"]
[BlackElo "2554"]
[TimeControl "180+1"]
[EndTime "14:36:50 PST"]
[Termination "krzyzan94 won by resignation"]

1. Nf3 Nf6 2. c4 g6 3. g3 Bg7 4. Bg2 d6 5. O-O O-O 6. d4 Nbd7 7. Nc3 e5 8. Qc2 c6 9. Rd1 Qe7 10. dxe5 dxe5 11. e4 a5 12. h3 Nc5 13. Be3 h6 14. b3 Nh7 15. Qc1 Nf6 16. Bxh6 Nfxe4 17. Bxg7 Kxg7 18. Nxe4 Nxe4 19. Re1 f5 20. Qb2 Re8 21. Re3 Qc5 22. Rae1 Bd7 23. Nd2 Nf6 24. Rxe5 Rxe5 25.
Rxe5 Qf8 26. Nf3 Re8 27. Rxa5 Qd6 28. Re5 Rxe5 29. Qxe5 Qd1+ 30. Kh2 Kf7 31. Ng5+ Kg7 32. Qe7+ Kh6 33. Qxf6 Qd6 34. Nf7+ 1-0

[Event "Late-Titled-Tuesday-Blitz-January-23-2024"]
[Site "Chess.com"]
[Date "2024.01.23"]
[Round "4"]
[White "mjelcic"]
[Black "HackingKid98"]
[Result "0-1"]
[WhiteElo "2219"]
[BlackElo "2545"]
[TimeControl "180+1"]
[EndTime "14:36:51 PST"]
[Termination "HackingKid98 won by resignation"]

1. e4 c6 2. d4 d5 3. e5 Bf5 4. h4 h5 5. Bg5 Qa5+ 6. Nc3 e6 7. Bd3 Bxd3 8. Qxd3 c5 9. Ne2 Nc6 10. O-O Nh6 11.
Bxh6 gxh6 12. Rfe1 O-O-O 13. a4 Be7 14. g3 Rdg8 15.
Kh2 Rg4 16. dxc5 Rhg8 17. Kh3 Bxh4 18. gxh4 Qd8 19. Ng3 Qxh4+ 20. Kg2 Qg5 21. Kf1 h4 22. Nh1 Nxe5 23. Qe3 Rg1+ 24. Ke2 Qh5+ 25. f3 R1g2+ 26.
Nf2 R8g3 27. c6 Rxf3 28. cxb7+ Kxb7 29. Qc5 Rfxf2+ 0-1

[Event "Late-Titled-Tuesday-Blitz-January-23-2024"]
[Site "Chess.com"]
[Date "2024.01.23"]
[Round "4"]
[White "FredddieCroderg"]
[Black "AntonSmirnov"]
[Result "0-1"]
[WhiteElo "2377"]
[BlackElo "2987"]
[TimeControl "180+1"]
[EndTime "14:36:54 PST"]
[Termination "AntonSmirnov won by resignation"]

1. d4 d5 2. c4 c6 3. cxd5 cxd5 4. Nf3 Nf6 5. Nc3 Nc6 6. Bf4 Ne4 7. e3 Nxc3 8. bxc3 e6 9. Bd3 Bd6 10. Bg3 h6 11.
O-O O-O 12. c4 dxc4 13. Bxc4 b6 14. d5 Na5 15. dxe6 Nxc4 16. exf7+ Rxf7 17. Qd5 Ba6 18. Rfd1 Be7 19. Qe6 Qe8 20. Rac1 Ba3 21. Qxe8+ Rxe8 22. Rc3 Bb2 23. Rcd3 Bf6 24. Rd7 Rxd7 25. Rxd7 Re7 26. Rxe7 Bxe7 27. Bb8 Bd8 28. Bxa7 Bc7 29. Nd4 Kf7 30.
a4 Nd6 31. Nc6 Bb7 32. Ne5+ Ke6 33. Nd3 Nc8 34. Bxb6 Bxb6 35. h3 Bc6 36. Nf4+ Kf7 37. h4 Bxa4 38. h5 Ne7 39. g4 Bd1 0-1

[Event "Late-Titled-Tuesday-Blitz-January-23-2024"]
[Site "Chess.com"]
[Date "2024.01.23"]
[Round "4"]
[White "Korchmar_Vasiliy"]
[Black "TigrVShlyape"]
[Result "1/2-1/2"]
[WhiteElo "2740"]
[BlackElo "2940"]
[TimeControl "180+1"]
[EndTime "14:36:54 PST"]
[Termination "Game drawn by repetition"]

1. e4 c5 2. d4 cxd4 3. Qxd4 Nc6 4. Qd3 e6 5. Nc3 a6 6. Qg3 b5 7. Nf3 b4 8. Na4 Nf6 9. Bd3 d6 10. Be3 Rb8 11. O-O Be7 12. e5 dxe5 13. Nxe5 Nxe5 14. Qxe5 Bd6 15. Qg5 O-O 16. Rad1 Qc7 17. Qh4 Be7 18. Rfe1 Qc6 19. Bg5 h6 20. Bxh6 gxh6 21. Qxh6 Bb7 22. Qg5+ Kh8 23. Qh6+ Kg8 24. Qg5+ Kh8 25. Qh6+ Kg8 1/2-1/2

[Event "Late-Titled-Tuesday-Blitz-January-23-2024"]
[Site "Chess.com"]
[Date "2024.01.23"]
[Round "4"]
[White "Sebastian"]
[Black "M1711"]
[Result "1-0"]
[WhiteElo "2995"]
[BlackElo "2639"]
[TimeControl "180+1"]
[EndTime "14:36:57 PST"]
[Termination "Sebastian won on time"]

1. e4 c6 2. d4 d5 3. e5 c5 4. Nf3 cxd4 5. Nxd4 Nc6 6. Nxc6 bxc6 7. Bd3 Ba6 8. O-O Bxd3 9. cxd3 e6 10. Qa4 Qd7 11.
Be3 c5 12. Qa5 d4 13. Bg5 h6 14. Bh4 Ne7 15. Nd2 Nf5 16. Bg3 Be7 17. Ne4 O-O 18.
Rac1 Rfb8 19. b3 Qd5 20. Nxc5 Nxg3 21. hxg3 Qxe5 22. Rfe1 Qd5 23. b4 Rb6 24. Rc4 Bxc5 25. Rxc5 Qb7 26. Rc4 Ra6 27. Qe5 Rxa2 28. Rxd4 Qb6 29.
Ree4 Rc8 30. Rg4 g6 31. Qf6 Qc7 32. Rxg6+ fxg6 33. Qxg6+ Kh8 34. Qxh6+ Qh7 35. Qf6+ Qg7 36. Rh4+ Kg8 37. Qxe6+ Qf7 38. Qxc8+ Kg7 39. Qg4+ Kf8 40. Rh8+ Ke7 41. Qe4+ Kd6 42. Rh6+ Kc7 43. Qc6+ Kd8 44. Qd6+ 1-0

[Event "Late-Titled-Tuesday-Blitz-January-23-2024"]
[Site "Chess.com"]
[Date "2024.01.23"]
[Round "4"]
[White "Zhigalko_Sergei"]
[Black "Alex_Banzea"]
[Result "1-0"]
[WhiteElo "2972"]
[BlackElo "2628"]
[TimeControl "180+1"]
[EndTime "14:36:57 PST"]
[Termination "Zhigalko_Sergei won by resignation"]

1. e4 c5 2. Nf3 g6 3. c3 d5 4. exd5 Qxd5 5. d4 Bg7 6. Na3 cxd4 7. Bc4 Qe4+ 8. Be3 Nh6 9. Nb5 O-O 10. cxd4 Nf5 11. Qe2 Nxe3 12. fxe3 Nc6 13. O-O Bg4 14. Nc3 Bxf3 15. Rxf3 Qh4 16. Rf4 Qh6 17. Raf1 e6 18.
Ne4 Rad8 19. Qf2 Nxd4 20. Rh4 Qxh4 21. Qxh4 Nf5 22. Rxf5 exf5 23. Ng5 h6 24. Nxf7 Rd1+ 25. Kf2 Rd2+ 26. Ke1 1-0

[Event "Late-Titled-Tuesday-Blitz-January-23-2024"]
[Site "Chess.com"]
[Date "2024.01.23"]
[Round "4"]
[White "LUISMIGUELOV"]
[Black "The_Straightforward_Rook"]
[Result "0-1"]
[WhiteElo "2175"]
[BlackElo "2464"]
[TimeControl "180+1"]
[EndTime "14:36:57 PST"]
[Termination "The_Straightforward_Rook won on time"]

1. e4 c6 2. Nf3 d5 3. Nc3 dxe4 4.
Nxe4 Nf6 5. Nxf6+ exf6 6. d4 Bd6 7. h3 O-O 8. Be2 Re8 9. O-O Nd7 10. Re1 f5 11. Bg5 Nf6 12. c3 h6 13. Bxf6 Qxf6 14.
Qc2 Bd7 15. Bd3 g6 16. Rxe8+ Rxe8 17. Re1 c5 18. Rxe8+ Bxe8 19. dxc5 Bxc5 20. Bc4 Bc6 21. Qe2 Kg7 22. Bb3 Bb6 23. Qd3 Qe7 24. Kf1 Qe4 25.
Bc2 Qe8 26. Qe2 Bb5 27. Bd3 Qxe2+ 28. Bxe2 Bc6 29. Nd4 Bd5 30. a3 Kf6 31. f3 Bxd4 32. cxd4 f4 33. Bb5 Ke6 34. Kf2 a6 35. Bd3 g5 36. b4 Bc6 37. g3 Kd5 38. gxf4 gxf4 39. b5 axb5 40. Be4+ Kxd4 41. Bf5 Kc3 0-1

[Event "Late-Titled-Tuesday-Blitz-January-23-2024"]
[Site "Chess.com"]
[Date "2024.01.23"]
[Round "4"]
[White "ChessSwole"]
[Black "R2D2PTY"]
[Result "1-0"]
[WhiteElo "2606"]
[BlackElo "2242"]
[TimeControl "180+1"]
[EndTime "14:36:58 PST"]
[Termination "ChessSwole won by resignation"]

1. e4 e5 2. Nf3 Nc6 3. Bc4 Bc5 4. d3 Nf6 5. c3 d6 6. O-O a6 7. a4 Ba7 8. Re1 O-O 9. h3 Kh8 10. d4 Nxe4 11. Rxe4 d5 12. Nxe5 Nxe5 13. Rxe5 dxc4 14. Nd2 Be6 15. Nf3 c6 16. Ng5 Bd5 17. Qc2 f5 18. Rxf5 Bg8 19. Be3 h6 20. Rxf8 Qxf8 21. Nf3 Bh7 22.
Qd2 Re8 23. Ne5 Bb8 24. Nxc4 b5 25. axb5 axb5 26. Ne5 Bxe5 27. dxe5 Rxe5 28. Bd4 Rd5 29. Ra7 c5 30. Bxg7+ Qxg7 31. Ra8+ Bg8 32. Qxd5 Qg5 33.
Qxg5 hxg5 34. b4 cxb4 35. cxb4 Kg7 36. Rxg8+ Kxg8 37. g3 Kf7 38. h4 gxh4 39. gxh4 Kg6 40. Kg2 Kf5 41. Kg3 Ke4 42. Kg4 Kd4 43. h5 Kc4 44. h6 Kxb4 45. h7 Ka3 46. h8=Q b4 47.
Qa1+ Kb3 48. Qb1+ 1-0

[Event "Late-Titled-Tuesday-Blitz-January-23-2024"]
[Site "Chess.com"]
[Date "2024.01.23"]
[Round "4"]
[White "rezamahdavi2008"]
[Black "arenal72"]
[Result "0-1"]
[WhiteElo "2830"]
[BlackElo "2583"]
[TimeControl "180+1"]
[EndTime "14:37:00 PST"]
[Termination "arenal72 won by resignation"]

1. e4 Nc6 2. Nf3 d6 3. d4 Nf6 4. Nc3 g6 5. h3 Bg7 6. Be2 O-O 7. O-O e5 8. dxe5 Nxe5 9. Nxe5 dxe5 10. Bc4 c6 11. Qe2 Qe7 12. a4 a5 13. b3 Rd8 14.
Ba3 Qe8 15. Rfd1 Be6 16. Bc5 Bf8 17. Rxd8 Rxd8 18. Bb6 Ra8 19. Rd1 Nd7 20. Bc7 Bb4 21. Na2 Rc8 22. Bd6 Bxd6 23. Rxd6 Bxc4 24. Qxc4 Qe7 25.
Rd3 Nc5 26. Rd2 b6 27. Nc1 Rd8 28. Nd3 Rd4 0-1

[Event "Late-Titled-Tuesday-Blitz-January-23-2024"]
[Site "Chess.com"]
[Date "2024.01.23"]
[Round "4"]
[White "Slovak_fighter2000"]
[Black "Vamostodorecto"]
[Result "0-1"]
[WhiteElo "2514"]
[BlackElo "2375"]
[TimeControl "180+1"]
[EndTime "14:37:01 PST"]
[Termination "Vamostodorecto won by checkmate"]

1. d4 Nf6 2. Nf3 e6 3. Bg5 c5 4. e3 Nc6 5. c3 h6 6. Bh4 d5 7.
Nbd2 Be7 8. Bd3 O-O 9. O-O b6 10.
Ne5 Nxe5 11. dxe5 Nd7 12. Bxe7 Qxe7 13. f4 Bb7 14. Qh5 f5 15. Rf3 d4 16. e4 dxc3 17. bxc3 c4 18. Bc2 Rad8 19. Rg3 Nxe5 20. Nf1 Qc5+ 21.
Kh1 Ng4 22. Rxg4 fxg4 23. Qxg4 Qf2 24. Qxe6+ Kh8 25. Ba4 Rxf4 26. Ng3 Rdf8 27. Rg1 Bxe4 28. Bb5 Bd3 29. a4 Qxg1+ 30. Kxg1 Rf1+ 31. Nxf1 Rxf1# 0-1

[Event "Late-Titled-Tuesday-Blitz-January-23-2024"]
[Site "Chess.com"]
[Date "2024.01.23"]
[Round "4"]
[White "Kamilek84"]
[Black "falzehope0"]
[Result "1-0"]
[WhiteElo "2695"]
[BlackElo "2415"]
[TimeControl "180+1"]
[EndTime "14:37:02 PST"]
[Termination "Kamilek84 won by resignation"]

1. e4 d5 2. exd5 Nf6 3. c4 e6 4. d4 exd5 5. Nf3 Bb4+ 6. Nc3 O-O 7. Be2 dxc4 8. O-O Be6 9. Ng5 Bd5 10. Nxd5 Qxd5 11. Qc2 Qxd4 12. Be3 Qe5 13. Bxc4 Nc6 14. Rad1 Bd6 15. g3 Qa5 16. Bd2 Bb4 17. Bf4 Ne5 18. Rd5 Qb6 19. Bxe5 h6 20. Bxf6 hxg5 21. Bd4 Qh6 22. Qf5 c6 23. Rd7 Bd6 24. Re1 Rad8 25. Rxd8 Rxd8 26. Qxf7+ Kh8 27. Re8+ 1-0

[Event "Late-Titled-Tuesday-Blitz-January-23-2024"]
[Site "Chess.com"]
[Date "2024.01.23"]
[Round "4"]
[White "Byniolus"]
[Black "Doomfist26"]
[Result "1-0"]
[WhiteElo "2861"]
[BlackElo "2598"]
[TimeControl "180+1"]
[EndTime "14:37:03 PST"]
[Termination "Byniolus won by resignation"]

1. d4 Nf6 2. Nf3 g6 3. Bf4 Bg7 4. e3 O-O 5. Be2 d6 6. h3 Nc6 7. O-O e5 8. Bh2 Qe7 9. c4 h6 10. Nc3 Nh7 11. Nd5 Qd8 12. b4 Be6 13. b5 Bxd5 14. cxd5 Ne7 15. dxe5 dxe5 16. e4 Qd6 17. Rc1 f5 18. Nd2 f4 19. Qc2 c6 20. bxc6 bxc6 21.
dxc6 Nxc6 22. Qxc6 Qxd2 23. Bc4+ Kh8 24. Qxg6 Rac8 25.
Rcd1 Qb2 26. Bb3 Ng5 27. Rd7 Rg8 28. h4 1-0

[Event "Late-Titled-Tuesday-Blitz-January-23-2024"]
[Site "Chess.com"]
[Date "2024.01.23"]
[Round "4"]
[White "el008"]
[Black "Ze-Pequeno"]
[Result "0-1"]
[WhiteElo "2421"]
[BlackElo "2196"]
[TimeControl "180+1"]
[EndTime "14:37:03 PST"]
[Termination "Ze-Pequeno won by checkmate"]

1. e4 c5 2. Nf3 d6 3. d4 cxd4 4. Nxd4 Nf6 5. Nc3 a6 6. f3 e6 7. Be3 b5 8. Qd2 Bb7 9. g4 Nfd7 10. g5 Nb6 11. a3 N8d7 12. f4 Rc8 13. O-O-O d5 14.
e5 b4 15. axb4 Bxb4 16. Qe1 Na4 17. Bd2 Nxc3 18. Bxc3 Bxc3 19. bxc3 g6 20. Qe3 Nc5 21. c4 Qa5 22. cxd5 Bxd5 23. Rg1 Ne4 24. Nb3 Qa3+ 25.
Kb1 Nc3+ 26. Qxc3 Rxc3 27. Nc1 O-O 28. Rxd5 exd5 29. Rg3 Rb8+ 30. Nb3 Rbxb3+ 31. cxb3 Qxb3+ 32. Ka1 Rc1# 0-1

[Event "Late-Titled-Tuesday-Blitz-January-23-2024"]
[Site "Chess.com"]
[Date "2024.01.23"]
[Round "4"]
[White "ValeriyGrinev"]
[Black "AsaHoffmann"]
[Result "1-0"]
[WhiteElo "2538"]
[BlackElo "2368"]
[TimeControl "180+1"]
[EndTime "14:37:05 PST"]
[Termination "ValeriyGrinev won by resignation"]

1. e4 d6 2. d4 Nf6 3. f3 Nbd7 4. c4 e5 5. d5 Be7 6. Nc3 a5 7. Bd3 Nc5 8. Bc2 O-O 9. Nge2 Nfd7 10. g4 Bg5 11. Kf1 g6 12. Bxg5 Qxg5 13. h4 Qe3 14.
Kg2 f5 15. gxf5 gxf5 16. Qc1 Qxc1 17. Raxc1 fxe4 18. Nxe4 Nxe4 19. Bxe4 Nf6 20. Ng3 Kh8 21. c5 Rg8 22. Kh2 Nxe4 23. fxe4 Rg4 24. h5 Bd7 25. cxd6 cxd6 26. Rc7 Rag8 27. Rg1 Be8 28. Rc8 Bd7 29. Rc7 Be8 30. Rc8 Bd7 31. Rxg8+ Rxg8 32. Rc1 Rc8 33. Rxc8+ Bxc8 34. Nf1 Kg7 35. Kg3 Kf6 36. Kh4 h6 37. Ne3 Bd7 38. Nc4 Ke7 39. Nxa5 b6 40. Nc4 b5 41. Ne3 b4 42. a3 bxa3 43. bxa3 Bb5 44. Nf5+ Kd7 45. Nxh6 Bd3 46. Ng4 Bxe4 47. Nf6+ Ke7 48.
Nxe4 1-0

[Event "Late-Titled-Tuesday-Blitz-January-23-2024"]
[Site "Chess.com"]
[Date "2024.01.23"]
[Round "4"]
[White "annasargsyan_m"]
[Black "Cubitas"]
[Result "0-1"]
[WhiteElo "2540"]
[BlackElo "2732"]
[TimeControl "180+1"]
[EndTime "14:37:06 PST"]
[Termination "Cubitas won by resignation"]

1. d4 Nf6 2. c4 g6 3. g3 Bg7 4. Bg2 O-O 5. Nc3 d6 6. Nf3 c6 7. O-O Qa5 8. e4 Nbd7 9. h3 Nb6 10. Qe2 Qa6 11. b3 d5 12. e5 Ne8 13. Bg5 f6 14. exf6 exf6 15. Bf4 dxc4 16. Rfe1 g5 17. Be3 Bf5 18.
Qb2 Nd6 19. Nd2 Bd3 20. a4 Qa5 21. b4 Qf5 22. a5 Nd5 23. g4 Qd7 24. Nxd5 cxd5 25.
Bxd5+ Kh8 26. Bg2 f5 27. Bxg5 fxg4 28. Re7 Qf5 29. Be3 gxh3 30. Bh1 Bf6 31. Rc7 h2+ 32.
Kxh2 Qh5+ 33. Kg1 Rg8+ 34. Bg2 Rxg2+ 35. Kxg2 Rg8+ 0-1

[Event "Late-Titled-Tuesday-Blitz-January-23-2024"]
[Site "Chess.com"]
[Date "2024.01.23"]
[Round "4"]
[White "TheoSlade"]
[Black "WilliamAlfaroCaracas"]
[Result "1-0"]
[WhiteElo "2472"]
[BlackElo "2250"]
[TimeControl "180+1"]
[EndTime "14:37:06 PST"]
[Termination "TheoSlade won by resignation"]

1. d4 Nf6 2. c4 g6 3. Nc3 Bg7 4. e4 d6 5. Nf3 O-O 6. Be2 e5 7. Be3 Nc6 8. d5 Ne7 9. Nd2 Nd7 10. f3 f5 11. b4 f4 12. Bf2 a5 13. bxa5 Rxa5 14. Nb3 Ra8 15. c5 b6 16. cxd6 cxd6 17. Nb5 Nc5 18. Nd2 Ba6 19. O-O Qd7 20. a4 g5 21. Nc4 Bxb5 22. axb5 Rxa1 23. Qxa1 Qxb5 24. Rb1 Qa4 25. Bxc5 Qxa1 26. Rxa1 dxc5 27. Nxb6 Nc8 28. Nd7 Nd6 29. Nxf8 Bxf8 30. Ra7 h5 31. Rc7 Nf7 32. Bb5 Bd6 33. Rc8+ Kg7 34. Be8 Nh6 35. Bxh5 Ng8 36.
Rc6 Kf6 37. Rxd6+ 1-0

[Event "Late-Titled-Tuesday-Blitz-January-23-2024"]
[Site "Chess.com"]
[Date "2024.01.23"]
[Round "4"]
[White "Msb2"]
[Black "GothamChess"]
[Result "1-0"]
[WhiteElo "3045"]
[BlackElo "2787"]
[TimeControl "180+1"]
[EndTime "14:37:07 PST"]
[Termination "Msb2 won by resignation"]

1. d4 g6 2. c4 Bg7 3. e4 Nc6 4. Nf3 e5 5. Bg5 f6 6. Be3 Nh6 7. d5 Ne7 8. d6 cxd6 9. Nc3 Ng4 10. Qxd6 Nxe3 11. fxe3 Qb6 12. Qxb6 axb6 13. Nb5 O-O 14. a3 Nc6 15. Rd1 Bh6 16. Kf2 f5 17. Bd3 Na5 18. Nd6 Nb3 19. exf5 Nc5 20. g4 Bg7 21. e4 Bf6 22. Bc2 Be7 23. Ke3 Na4 24. Bxa4 Rxa4 25. h4 Kh8 26. Nxe5 Bf6 27. Nxc8 Bxe5 28.
Nxb6 1-0

[Event "Late-Titled-Tuesday-Blitz-January-23-2024"]
[Site "Chess.com"]
[Date "2024.01.23"]
[Round "4"]
[White "GoValya"]
[Black "shirovin"]
[Result "1-0"]
[WhiteElo "2295"]
[BlackElo "1994"]
[TimeControl "180+1"]
[EndTime "14:37:08 PST"]
[Termination "GoValya won on time"]

1. d4 d6 2. g3 Nf6 3. Bg2 g6 4. c4 Bg7 5. Nc3 O-O 6. e4 Nbd7 7. Nf3 e5 8. O-O a6 9. h3 exd4 10. Nxd4 Re8 11. Re1 Nc5 12. Nc2 Rb8 13. Rb1 b5 14. b4 Ne6 15. cxb5 axb5 16. Nd5 Nxd5 17. exd5 Nf8 18. Be3 Bf5 19. Rb3 Nd7 20. Nd4 Qf6 21. Nc6 Rbc8 22. Bd4 Qg5 23. h4 Qh6 24. Ne7+ Rxe7 25.
Rxe7 Ne5 26. Rc3 Bf6 27. Rexc7 Rd8 28. Be3 Qg7 29. Ra3 Nc4 30. Raa7 Nxe3 31. fxe3 Qh6 32.
Qe2 Re8 33. Ra3 Bd4 34. Kh2 Rxe3 35. Rxe3 Bxe3 36. Qxb5 g5 37. Qe8+ Qf8 38. Qxe3 1-0

[Event "Late-Titled-Tuesday-Blitz-January-23-2024"]
[Site "Chess.com"]
[Date "2024.01.23"]
[Round "4"]
[White "ArmanGhevondyanchess"]
[Black "Aleksandar-Topalov"]
[Result "1-0"]
[WhiteElo "2590"]
[BlackElo "2357"]
[TimeControl "180+1"]
[EndTime "14:37:10 PST"]
[Termination "ArmanGhevondyanchess won on time"]

1. Nf3 Nf6 2. d4 g6 3. g3 Bg7 4. Bg2 O-O 5. O-O d6 6. b3 Nbd7 7. Bb2 e5 8. dxe5 Ng4 9. c4 Ngxe5 10. Nc3 a5 11. Qd2 a4 12. Nxa4 Rxa4 13. Nxe5 Nxe5 14.
Bxe5 Bxe5 15. bxa4 Bxa1 16. Rxa1 Qe8 17. Qc2 Qe5 18.
Rb1 b6 19. Qe4 Qc5 20. Qc6 Be6 21. Qxc5 dxc5 22. Bd5 Bxd5 23. cxd5 Ra8 24. d6 cxd6 25. Rxb6 Rxa4 26. Rxd6 Rxa2 27. e3 Rc2 28. Rc6 Kf8 29.
Rc7 h5 30. h4 Ke8 31. Kg2 Kf8 32. Kf3 Ke8 33. e4 Kf8 34. Ke3 Ke8 35. f3 c4 36.
Kf4 Kf8 37. e5 c3 38. Kg5 Re2 39. Kf6 Ke8 40. Rc8+ Kd7 41. Rxc3 Re3 42. Rxe3 1-0

[Event "Late-Titled-Tuesday-Blitz-January-23-2024"]
[Site "Chess.com"]
[Date "2024.01.23"]
[Round "4"]
[White "DeArron_Fox"]
[Black "Vicmary2005"]
[Result "1-0"]
[WhiteElo "2443"]
[BlackElo "1989"]
[TimeControl "180+1"]
[EndTime "14:37:10 PST"]
[Termination "DeArron_Fox won by resignation"]

1. d4 Nf6 2. c4 g6 3. Nc3 Bg7 4. e4 d6 5. f3 O-O 6. Be3 Nc6 7. Nge2 a6 8. Qd2 Rb8 9. Rc1 e5 10. d5 Ne7 11. g3 Nd7 12. b4 f5 13. Bg2 f4 14. gxf4 exf4 15. Nxf4 Ne5 16. Nce2 g5 17. Nh5 Rxf3 18. Nxg7 Kxg7 19. Bd4 Rf6 20. Qxg5+ Rg6 21. Bxe5+ Kg8 22. Qh4 dxe5 23. O-O Rg4 24. Qf6 Ng6 25. Qxd8+ 1-0

[Event "Late-Titled-Tuesday-Blitz-January-23-2024"]
[Site "Chess.com"]
[Date "2024.01.23"]
[Round "4"]
[White "Revan_2002"]
[Black "GianmarcoVaR"]
[Result "1-0"]
[WhiteElo "2452"]
[BlackElo "2714"]
[TimeControl "180+1"]
[EndTime "14:37:12 PST"]
[Termination "Revan_2002 won by resignation"]

1. d4 Nf6 2. c4 e6 3. Nf3 Bb4+ 4.
Nbd2 O-O 5. a3 Be7 6. e4 d6 7. Bd3 Nfd7 8. O-O a5 9. b3 e5 10.
Bb2 Nc6 11. d5 Ncb8 12. b4 Na6 13. Bc3 Nf6 14. c5 dxc5 15. b5 Nb8 16. Nxe5 Nfd7 17. Nef3 f6 18. Nc4 a4 19. Bc2 Nb6 20. Nxb6 cxb6 21.
Bxa4 Bd6 22. h3 Nd7 23. Bc2 Re8 24. Nd2 Qc7 25. Nc4 Ne5 26. Bxe5 Bxe5 27. d6 Qd8 28. Nxe5 Rxe5 29. f4 Re8 30. Qd3 Be6 31. e5 f5 32.
a4 Rc8 33. Kh2 Qd7 34. g4 c4 35. Qg3 c3 36. Rg1 Rf8 37. gxf5 Bd5 38. e6 1-0

[Event "Late-Titled-Tuesday-Blitz-January-23-2024"]
[Site "Chess.com"]
[Date "2024.01.23"]
[Round "4"]
[White "FabianoCaruana"]
[Black "FontVella8"]
[Result "1-0"]
[WhiteElo "3038"]
[BlackElo "2745"]
[TimeControl "180+1"]
[EndTime "14:37:13 PST"]
[Termination "FabianoCaruana won by resignation"]

1. e4 c6 2. d4 d5 3. e5 Bf5 4. Nf3 e6 5. Be2 Nd7 6. O-O h6 7. Nbd2 a6 8. a4 Qc7 9. c3 g5 10. a5 f6 11. exf6 Bd6 12. Re1 Ngxf6 13. Nf1 O-O-O 14. Bd3 Ne4 15. Ng3 Nxg3 16. hxg3 Rdf8 17. c4 Bg4 18. Be2 dxc4 19. Nd2 h5 20. Nxc4 Bxg3 21.
fxg3 Qxg3 22. Be3 Bh3 23. Bf3 g4 24. Bf2 Qc7 25. Rxe6 gxf3 26. Nd6+ Kb8 27. gxh3 Rhg8+ 28. Kf1 Rg2 29. Qb3 Nc5 30. dxc5 Qg7 31. Qxb7+ Qxb7 32. Nxb7 1-0

[Event "Late-Titled-Tuesday-Blitz-January-23-2024"]
[Site "Chess.com"]
[Date "2024.01.23"]
[Round "4"]
[White "LevonAronian"]
[Black "ChessFighter_2011"]
[Result "1-0"]
[WhiteElo "3110"]
[BlackElo "2927"]
[TimeControl "180+1"]
[EndTime "14:37:14 PST"]
[Termination "LevonAronian won by resignation"]

1. e4 c5 2. Nf3 d6 3. c3 Nf6 4. Be2 g6 5. O-O Bg7 6. d3 O-O 7. Be3 Nc6 8. Nbd2 b6 9. d4 Ng4 10. Bg5 cxd4 11. cxd4 Bb7 12. d5 Nce5 13. Nxe5 Nxe5 14.
Rc1 Bf6 15. Bh6 Bg7 16. Bxg7 Kxg7 17. Qa4 a6 18. Qd4 f6 19. Nb3 Nd7 20. Qe3 e5 21.
dxe6 Nc5 22. Nd4 Qe7 23. Bc4 Kh8 24. Bd5 Rac8 25. b4 Na4 26. Rxc8 Rxc8 27. Rc1 Re8 28. Rc2 b5 29. Qc1 Nb6 30. Rc7 Rc8 31. Rxc8+ Nxc8 32. h4 Nb6 33. Bxb7 Qxb7 34. Qf4 Qe7 35. h5 Nc4 36. hxg6 hxg6 37. Qh6+ Kg8 38. Qxg6+ Kf8 39. Qh5 Kg8 40. Qd5 Ne5 41. Nf5 1-0

[Event "Late-Titled-Tuesday-Blitz-January-23-2024"]
[Site "Chess.com"]
[Date "2024.01.23"]
[Round "4"]
[White "Lady_Nika"]
[Black "sebastianmarinp"]
[Result "1-0"]
[WhiteElo "2550"]
[BlackElo "2398"]
[TimeControl "180+1"]
[EndTime "14:37:14 PST"]
[Termination "Lady_Nika won on time"]

1. d4 d5 2. e3 Nf6 3. f4 g6 4. Nf3 Bg7 5. c3 O-O 6. Bd3 c5 7. O-O Nc6 8. Ne5 Qc7 9. Nd2 Nd7 10. Nxc6 Qxc6 11. f5 Nf6 12. Qf3 e6 13. fxg6 fxg6 14. Qe2 e5 15. dxe5 Ng4 16. Rxf8+ Kxf8 17. e4 Nxe5 18. exd5 Qxd5 19. Be4 Qd8 20. Nf3 Bg4 21. Be3 Qc7 22. Rf1 Bxf3 23. Bxf3 Nxf3+ 24. Rxf3+ Kg8 25. Qc4+ Kh8 26. Qxc5 Qd7 27. Bd4 Bxd4+ 28. cxd4 Rd8 29.
d5 Kg7 30. Qd4+ Kg8 31. Rd3 b6 32. d6 Re8 33. Qd5+ Kg7 34. h3 Re2 35. Kh2 h6 36. Qc4 Re6 37. Qc7 1-0

[Event "Late-Titled-Tuesday-Blitz-January-23-2024"]
[Site "Chess.com"]
[Date "2024.01.23"]
[Round "4"]
[White "finec2"]
[Black "ITheOnlyME"]
[Result "0-1"]
[WhiteElo "2192"]
[BlackElo "2396"]
[TimeControl "180+1"]
[EndTime "14:37:16 PST"]
[Termination "ITheOnlyME won by resignation"]

1. d4 Nf6 2. Bf4 d5 3. e3 e6 4. Nd2 Bd6 5. Bg3 c5 6. c3 O-O 7.
Bd3 b6 8. Ngf3 Ba6 9. Bxa6 Nxa6 10. Qe2 Nb8 11. Ne5 Ne4 12. Nxe4 dxe4 13. Rd1 Qe7 14.
Nc4 Bc7 15. O-O Bxg3 16. hxg3 Nc6 17. Qg4 f5 18. Qe2 Rac8 19. a3 Rfd8 20. Rc1 b5 21.
Nd2 c4 22. a4 a6 23. axb5 axb5 24. b3 Na5 25. bxc4 Nxc4 26. Nb3 Ra8 27. Nc5 Ra3 28.
Rb1 Qe8 29. Rb4 Rxc3 30. Rfb1 Na3 31. R1b3 Rc1+ 32. Kh2 Nc2 33. Rxb5 Re1 0-1

[Event "Late-Titled-Tuesday-Blitz-January-23-2024"]
[Site "Chess.com"]
[Date "2024.01.23"]
[Round "4"]
[White "Walter_White_Poland"]
[Black "campochess"]
[Result "1/2-1/2"]
[WhiteElo "2341"]
[BlackElo "2092"]
[TimeControl "180+1"]
[EndTime "14:37:16 PST"]
[Termination "Game drawn by repetition"]

1. e4 c5 2. Nf3 Nc6 3. Nc3 g6 4. Bb5 Bg7 5. O-O Nf6 6. e5 Ng4 7. Bxc6 dxc6 8. Re1 Nh6 9. d3 Nf5 10. Bf4 O-O 11. h3 Nd4 12. a4 Be6 13. b3 Qa5 14.
Ne4 Nxf3+ 15. Qxf3 Bd5 16. Qe3 Bxe4 17. Qxe4 Rad8 18.
Qe3 Rd5 19. e6 Bxa1 20. Rxa1 Qc3 21. Re1 Qf6 22. c4 Rf5 23. Bh6 Re8 24. exf7+ Kxf7 25. f4 e5 26. Bg5 Qe6 27. g4 Rxg5 28. fxg5 Qd6 29. Rf1+ Kg7 30. Qf3 Rf8 31. Qxf8+ Qxf8 32. Rxf8 Kxf8 33. Kf2 Ke7 34. Ke3 Ke6 35. a5 b5 36. Ke4 a6 37. Ke3 Kd6 38. Ke4 Ke6 39. Ke3 Kd6 40. Ke4 Ke6 1/2-1/2

[Event "Late-Titled-Tuesday-Blitz-January-23-2024"]
[Site "Chess.com"]
[Date "2024.01.23"]
[Round "4"]
[White "norwaytoadog"]
[Black "deloewre"]
[Result "1-0"]
[WhiteElo "2296"]
[BlackElo "1987"]
[TimeControl "180+1"]
[EndTime "14:37:17 PST"]
[Termination "norwaytoadog won on time"]

1. e4 c5 2. Nf3 Nc6 3. Bb5 g6 4. Bxc6 bxc6 5. O-O Bg7 6. Re1 Nf6 7. e5 Nd5 8. c4 Nc7 9. d4 cxd4 10. Qxd4 Ne6 11. Qh4 h5 12. Nc3 Qc7 13. Bd2 Rb8 14. b3 Bb7 15. Rac1 Bh6 16. Nd5 cxd5 17. cxd5 Qb6 18. dxe6 dxe6 19. Bxh6 Rxh6 20. Qf4 Rh8 21. Ng5 Rf8 22.
Red1 Bd5 23. Rc3 Qb7 24. Rdc1 Qb6 25. h4 f6 26. Nh7 Rf7 27. Qh6 1-0